 Dungeon Crawl Stone Soup version 0.30-a0-721-ga6a225cb13 (webtiles) character file.

Game seed: 9680373539984522309

56 Oxelix the Firebug (level 3, -9/24 HPs)
             Began as a Demonspawn Fire Elementalist on Jan 27, 2023.
             Was a Believer of Qazlal.
             Mangled by Terence
             ... wielding a +0 flail
              (10 damage)
             ... on level 2 of the Dungeon.
             The game lasted 00:04:50 (1749 turns).

Oxelix the Firebug (Demonspawn Fire Elementalist)   Turns: 1749, Time: 00:04:51

Health: -9/24      AC:  3    Str:  8    XL:     3   Next: 69%
Magic:  1/6        EV: 12    Int: 18    God:    Qazlal [**....]
Gold:   86         SH:  2    Dex: 13    Spells: 4/7 levels left

rFire   . . .      SeeInvis .    m - +0 dagger
rCold   . . .      Faith    .    (no shield)
rNeg    . . .      Spirit   .    a - +0 robe
rPois   .          Reflect  .    j - +0 helmet
rElec   .          Harm     .    (no cloak)
rCorr   .          Rampage  .    (no gloves)
Will    .....                    (no boots)
Stlth   ++                       (no amulet)
HPRegen 0.24/turn                (no ring)
MPRegen 0.10/turn                (no ring)

@: no status effects
A: demonic guardian 1
a: Renounce Religion, Upheaval


You were on level 2 of the Dungeon.
You worshipped Qazlal.
Qazlal was pleased with you.
You visited 1 branch of the dungeon, and saw 2 of its levels.

You collected 86 gold pieces.

Inventory:

Hand Weapons
 m - a +0 dagger (weapon)
Missiles
 d - 3 boomerangs
Armour
 a - a +0 robe (worn)
 j - a +0 helmet (worn)
Scrolls
 c - a scroll of poison {unknown}
 e - a scroll of teleportation {unknown}
 f - 3 scrolls of fog {unknown}
 g - a scroll of enchant armour {unknown}
 h - a scroll of vulnerability {unknown}
 i - a scroll of magic mapping {unknown}
Potions
 b - a potion of magic
 k - a potion of attraction {unknown}
 l - a potion of brilliance {unknown}


   Skills:
 - Level 1.7 Dodging
 - Level 1.7 Stealth
 + Level 2.5 Spellcasting
 + Level 1.9 Conjurations
 * Level 3.5 Fire Magic


You had 4 spell levels left.
You knew the following spells:

 Your Spells              Type           Power      Damage    Failure   Level
a - Foxfire               Conj/Fire      48%        2x1d6     5%          1
b - Scorch                Fire           30%        2d6       6%          2

Your spell library contained the following spells:

 Spells                   Type           Power      Damage    Failure   Level
 Inner Flame              Hex/Fire       8%         N/A       24%         3
 Ensorcelled Hibernation  Hex/Ice        4%         N/A       26%         2
 Passwall                 Tmut/Erth      1%         N/A       26%         2
 Kindle Blastsparks       Fire/Tloc/Air  12%        2d11      32%         3
 Swiftness                Air            2%         N/A       45%         3
 Flame Wave               Conj/Fire      12%        2d6       50%         4


Dungeon Overview and Level Annotations

Branches:
Dungeon (2/15)

Altars:
Qazlal

Annotations:
D:2 1 runed translucent door, Crazy Yiuf, Terence


Innate Abilities, Weirdness & Mutations

A weak demonic guardian rushes to your aid.


Message History

You hit the quokka.
You kill the quokka!
Qazlal accepts your kill.
The foxfire hits Terence but does no damage. x2
Casting: Foxfire (safe; 5% risk of failure)
Confirm with . or Enter, or press ? or * to list all spells.
Flames lash Terence.
Terence is moderately wounded.
Terence's fire resistance burns away.
You conjure some foxfire!
Terence hits you but does no damage.
You conjure some foxfire!
Your foxfire is engulfed in freezing vapours.
The foxfire hits Terence but does no damage.
Terence is moderately wounded.
The foxfire hits Terence but does no damage.
Terence is moderately wounded.
Terence hits you with a +0 flail!
You are out of magic!
Casting: Foxfire (safe; 5% risk of failure)
Confirm with . or Enter, or press ? or * to list all spells.
You don't have enough magic to cast this spell.
You hit Terence but do no damage.
Terence is moderately wounded.
The foxfire hits Terence.
Terence is burned terribly!
Terence is heavily wounded.
Terence closely misses you.
You hit Terence but do no damage.
Terence is heavily wounded.
Terence is no longer more vulnerable to fire.
Terence hits you with a +0 flail!
* * * LOW HITPOINT WARNING * * *
You hit Terence.
Terence is heavily wounded.
Terence closely misses you. Terence closely misses you.
There is a stone staircase leading up here.
Terence attacks as you move away! Terence hits you with a +0 flail.
* * * LOW HITPOINT WARNING * * *
Terence attacks as you move away! Terence hits you with a +0 flail!
You die...

#..... #.# #.####).
#.##### #....#..
#.....# ####.#..
#####.###..#.#.)
#.........#..
#.##..#.####'
######.##....####.
#...............#.
######@#####.#####.#.#.
#......@.....#.........
#......†.###.#.###.####
#........# #..)# #.####
#........# ##### #.....
#........# ######
#......?.# #........#
#........#


You could see Terence.

Vanquished Creatures
  A dart slug (D:2)
  3 endoplasms
  A giant cockroach (D:2)
  11 goblins
  5 hobgoblins
  4 kobolds
  2 quokkas
  4 ball pythons
  A frilled lizard (D:1)
  2 rats (D:2)
  A foxfire (D:2)
35 creatures vanquished.

Vanquished Creatures (collateral kills)
  Robin (D:2)
1 creature vanquished.

Vanquished Creatures (others)
  70 foxfires
70 creatures vanquished.

Grand Total: 106 creatures vanquished

Notes
Turn   | Place    | Note
-------+----------+-------------------------------------------
     0 | D:1      | Oxelix the Demonspawn Fire Elementalist began the quest for
                  | the Orb.
     0 | D:1      | Reached XP level 1. HP: 13/13 MP: 3/3
    42 | D:1      | Found a faded altar of an unknown god.
   105 | D:1      | Prayed at the altar of an unknown god.
   105 | D:1      | Became a worshipper of Qazlal Stormbringer
   105 | D:1      | Reached * piety under Qazlal
   420 | D:1      | Reached skill level 3 in Fire Magic
   422 | D:1      | Gained mutation: A weak demonic guardian rushes to your
                  | aid. [demonic ancestry]
   422 | D:1      | Reached XP level 2. HP: 19/19 MP: 0/5
   990 | D:2      | Noticed Robin
  1108 | D:2      | Killed Robin
  1109 | D:2      | Reached XP level 3. HP: 19/24 MP: 4/6
  1143 | D:2      | Learned a level 2 spell: Scorch
  1475 | D:2      | Reached ** piety under Qazlal
  1702 | D:2      | Found a runed translucent door.
  1703 | D:2      | Noticed Crazy Yiuf
  1736 | D:2      | Noticed Terence
  1748 | D:2      | HP: 1/24 [Terence/+0 flail (6)]
  1749 | D:2      | Mangled by Terence

Illustrated notes

Levels and vault maps discovered:
D:1:      minmay_arrival_solitary_statue, layout_basic,
          shapermc_ecumenical_altar_starsandcircs
D:2:      layout_basic, uniq_crazy_yiuf_cottage, uniq_robin, uniq_terence

Skill      XL: |  1 |
---------------+----+-----
Fire Magic     | 3 |  3.5
Dodging        | |  1.7
Stealth        | |  1.7
Spellcasting   | |  2.5
Conjurations   | |  1.9

Action                     || total
---------------------------++-------
  Melee: Unarmed           ||    14
         Dagger            ||     4
  Throw: Boomerang         ||    10
   Cast: Foxfire           ||    46
         Scorch            ||     4
 Armour: Robe              ||    11
  Dodge: Dodged            ||    21
  Block: Other             ||     1

Table legend: (Time is in decaauts)
 A = Elapsed time spent in this place.
 B = Non-inter-level travel time spent in this place.
 C = Inter-level travel time spent in this place.
 D = Time resting spent in this place.
 E = Time spent auto-exploring this place.
 F = Levels seen in this place.
 G = Mean time per level.
                   A        B        C        D        E       F      G
               +--------+--------+--------+--------+--------+-----+--------+
         Total |   1753 |   1654 |     99 |     48 |   1320 |   2 |  876.5 |
       Dungeon |   1753 |   1654 |     99 |     48 |   1320 |   2 |  876.5 |
               +--------+--------+--------+--------+--------+-----+--------+

Top non-repeatable levels by time:
     D:1: 927 daAuts
     D:2: 826 daAuts
